 Dungeon Crawl Stone Soup version 0.17.0-25-gefc9c12 (webtiles) character file.

196 4thArraOfDagon the Insei (level 5, -2/24 HPs)
             Began as a Vine Stalker Summoner on Nov 18, 2015.
             Slain by a sky beast (5 damage)
             ... on level 5 of the Dungeon.
             The game lasted 00:03:48 (541 turns).

4thArraOfDagon the Insei (Vine Stalker Summoner)     Turns: 541, Time: 00:03:49

Health: -2/24      AC:  3    Str: 10    XL:     5   Next: 74%
Magic:  0/9        EV: 12    Int: 15    God:
Gold:   41         SH:  0    Dex: 16    Spells: 1 memorised, 7 levels left

rFire  + . .     SeeInvis .       - Unarmed
rCold  . . .     Clarity  .     j - +0 leather armour {rF+}
rNeg   . . .     SustAt   .     (no shield)
rPois  .         Gourm    .     (no helmet)
rElec  .         Spirit   +     (no cloak)
rCorr  .         Warding  .     (no gloves)
rMut   .         Stasis   .     (no boots)
MR     .....                    (no amulet)
Stlth  ++........               (no ring)
                                (no ring)

@: not resistant to hostile enchantments, unstealthy
A: fangs 2, regeneration 1, magic shield, antimagic bite, no device heal 3, rot
immunity
a: no special abilities


You were on level 5 of the Dungeon.
You were not hungry.

You visited 1 branch of the dungeon, and saw 6 of its levels.
You also visited: Ossuary.

You collected 41 gold pieces.

Inventory:

Hand Weapons
 e - a +0 flail of protection
Armour
 j - a +0 leather armour of fire resistance (worn)
Magical Staves
 a - an uncursed staff of earth {unknown}
Scrolls
 k - a scroll of enchant armour
Potions
 d - a potion of lignification
 g - a potion of curing {unknown}
Books
 b - a book of Callings

   Spells                             Type                      Level
   a - Summon Small Mammal            Summoning                    1
   b - Call Imp                       Summoning                    2
   c - Call Canine Familiar           Summoning                    3
   d - Summon Guardian Golem          Hexes/Summoning              3
   e - Summon Lightning Spire         Summoning/Air                4
   f - Summon Ice Beast               Ice/Summoning                4
Comestibles
 c - 2 bread rations
 f - 2 fruits


   Skills:
 + Level 0.0 Fighting
 + Level 1.7 Dodging
 - Level 2.4 Stealth
 * Level 5.2 Unarmed Combat
 - Level 2.1 Spellcasting
 - Level 4.0 Summonings


You had 7 spell levels left.
You knew the following spells:

 Your Spells              Type           Power        Failure   Level  Hunger
a - Summon Small Mammal   Summ           ##..         8%          1    #......


Dungeon Overview and Level Annotations

Branches:
Dungeon (6/15)
 Temple: D:4-7

Altars:

Annotations:
D:5 Eustachio


Innate Abilities, Weirdness & Mutations

You have extremely sharp teeth.
Your natural rate of healing is unusually fast.
When hurt, damage is shared between your health and your magic reserves.
Your bite disrupts and absorbs the magic of your enemies.
Potions and wands cannot restore your health.
You are immune to rotting.


Message History

You closely miss the sky beast.
You bite the sky beast, but do no damage.
The sky beast is moderately wounded.
The sky beast closely misses you.
You miss the sky beast.
The sky beast is moderately wounded.
You closely miss the sky beast. Your bite misses the sky beast.
The sky beast is moderately wounded.
The sky beast hits you but does no damage.
You hit the sky beast. Your bite misses the sky beast.
The sky beast is heavily wounded.
The sky beast hits you. The sky beast shocks you.
* * * LOW HITPOINT WARNING * * *
You hit the sky beast.
You bite the sky beast, but do no damage.
The sky beast is heavily wounded.
The sky beast hits you.
* * * LOW HITPOINT WARNING * * *
The sky beast shocks you.
You die...

#####.# #.. ....#.# #.#
###†#.#############.#
..................>.#
##..######.#######..#
#..# #.# #..# #..# #.#
#..#
#..######.#######.≈#
..............Y@.≈.##.#
##..######.######......#
#.. #.#....#..#####
#.##.#.#..#
#.##.#.#..#####.#
..##.#...........
####.##..######.#
#.#<.......#
#.##†....#.#


You could see a sky beast.

Vanquished Creatures
  A phantom (D:4)
  2 adders
  A worm zombie (D:5)
  An adder zombie (D:5)
  2 giant geckos
  2 orcs
  A gnoll zombie (D:5)
  A quokka (D:5)
  2 goblins (D:2)
  3 jackals
  A kobold (D:3)
  A rat (D:2)
18 creatures vanquished.

Vanquished Creatures (collateral kills)
  An ogre (D:4)
1 creature vanquished.

Grand Total: 19 creatures vanquished

Notes
Turn   | Place    | Note
--------------------------------------------------------------
     0 | D:1      | 4thArraOfDagon the Vine Stalker Summoner began the quest for the Orb.
     0 | D:1      | Reached XP level 1. HP: 9/9 MP: 4/4
   139 | D:3      | Reached skill level 1 in Unarmed Combat
   179 | D:4      | Noticed an ogre
   187 | D:4      | Noticed a phantom
   189 | D:4      | Killed an ogre
   189 | D:4      | Reached XP level 2. HP: 5/13 MP: 1/6
   189 | D:4      | Reached XP level 3. HP: 6/16 MP: 1/7
   189 | D:4      | Reached XP level 4. HP: 7/21 MP: 1/8
   196 | D:4      | Killed a phantom
   196 | D:4      | Reached skill level 5 in Unarmed Combat
   196 | D:4      | Reached XP level 5. HP: 9/24 MP: 1/9
   288 | D:5      | Entered Level 5 of the Dungeon
   337 | D:5      | Noticed Eustachio
   340 | D:6      | Noticed an ogre
   413 | D:4      | Noticed a giant frog skeleton
   420 | D:5      | Found a sand-covered staircase.
   438 | Ossuary  | Entered an ossuary
   471 | D:6      | Noticed a sky beast
   541 | D:5      | Slain by a sky beast

Action                   |  1- 3 |  4- 6 || total
-------------------------+-------+-------++-------
Melee: Unarmed           |    25 |    58 ||    83
 Cast: Summon Small Mamm |     3 |       ||     3
  Use: Potion            |     2 |       ||     2
       Scroll            |       |     4 ||     4
